Map: Ruins of Seras

Players

Petraeus

  • Race: Zerg Zerg
  • League: Grandmaster

iaguz - Winner!

  • Race: Terran Terran

Event: 2016 WCS Winter Challenger Oceania SEA

VOD

Have the link to the VOD?

Description

Time

  • Played on: Feb. 12, 2016, 11:48 p.m.
  • Length: 11:31

All games in this series

Show
View Real Time Build Order
Export as new Build Order

Petraeus Zerg 

Build Orders: Hatch First 

Get SALT Encoding   

  12  0:00  Drone  
  13  0:08  Drone  
  14  0:17  Overlord  
  14  0:22  Extractor  
  14  0:23  Drone  
  15  0:35  Drone x2  
  17  0:53  Hatchery  
  17  0:56  Drone  
  17  0:59  Drone  
  18  1:13  Spawning Pool  
  18  1:14  Extractor  
  18  1:18  Drone  
  17  1:21  Drone  
  18  1:27  Drone  
  19  1:38  Overlord  
  19  1:48  Drone  
  20  1:59  Queen  
  20  2:00  Zergling x2  
  23  2:05  Queen  
  23  2:06  Zergling x2  
  26  2:09  Drone  
  26  2:14  Metabolic Boost  
  27  2:16  Drone  
  28  2:24  Drone  
  28  2:28  Overlord  
  29  2:32  Drone  
  29  2:35  Queen  
  32  2:48  Drone x2  
  34  2:55  Hatchery  
  34  2:57  Drone  
  34  3:03  Overlord  
  34  3:07  Drone x2  
  36  3:15  Overlord  
  36  3:21  Queen  
  36  3:23  Drone  
  36  3:24  Drone  
  39  3:29  Roach Warren  
  39  3:32  Drone  
  39  3:35  Drone x2  
  41  3:42  Zergling x4  
  41  3:43  Drone  
  41  3:46  Drone x2  
  41  3:48  Drone  
  47  3:51  Overlord  
  47  3:58  Drone x2  
  47  4:00  Extractor  
  48  4:03  Drone  
  48  4:09  Roach x2  
  55  4:10  Roach x2  
  55  4:15  Drone x3  
  61  4:17  Drone  
  61  4:22  Lair  
  61  4:25  Overlord  
  61  4:29  Drone x2  
  63  4:33  Overlord  
  63  4:35  Drone  
  63  4:36  Drone  
  65  4:39  Extractor  
  65  4:41  Drone, Evolution Chamber  
  65  4:42  Drone  
  65  4:46  Drone  
  65  4:47  Spore Crawler  
  65  4:50  Drone x2  
  67  4:54  Drone x2  
  67  4:55  Drone  
  67  4:59  Drone x3  
  73  5:04  Overlord  
  73  5:05  Ravager x2  
  75  5:08  Zerg Missile Weapons Level 1, Extractor  
  75  5:09  Drone x2, Extractor  
  75  5:11  Drone  
  76  5:16  Drone x2  
  76  5:17  Drone  
  76  5:18  Overlord  
  76  5:21  Glial Reconstitution  
  79  5:25  Drone  
  79  5:26  Drone  
  79  5:27  Drone  
  82  5:29  Ravager  
  82  5:31  Extractor  
  82  5:33  Drone x3  
  82  5:35  Drone x3  
  88  5:36  Drone x2  
  88  5:41  Roach x2  
  88  5:42  Ravager  
  95  5:43  Drone x2  
  95  5:45  Drone  
  98  5:53  Overlord x2  
  98  5:54  Infestation Pit  
  98  5:55  Drone  
  98  5:57  Overlord  
  98  5:58  Pneumatized Carapace  
  98  6:03  Overlord  
  98  6:04  Evolution Chamber  
  98  6:05  Drone  
  98  6:07  Spore Crawler  
  98  6:08  Ravager  
  98  6:12  Hatchery  
  98  6:17  Ravager  
  98  6:18  Roach x4  
  104  6:23  Overlord  
  106  6:31  Roach x5  
  115  6:39  Drone  
  116  6:52  Zerg Melee Weapons Level 1  
  116  6:53  Hive  
  116  6:56  Zergling x14  
  121  7:03  Zerg Ground Armor Level 1  
  121  7:04  Drone  
  121  7:05  Drone x4  
  117  7:20  Infestor x3  
  117  7:22  Roach x4  
  127  7:30  Roach x3  
  127  7:33  Drone x2  
  132  7:38  Roach x4  
  132  7:42  Overlord x2  
  140  7:48  Overlord  
  132  7:53  Drone x3  
  132  7:57  Drone x3  
  135  8:01  Drone  
  135  8:02  Drone x2  
  135  8:03  Drone x2  
  140  8:10  Adrenal Glands  
  140  8:11  Drone  
  140  8:12  Drone x2  
  143  8:13  Ultralisk Cavern  
  143  8:16  Drone x2  
  142  8:23  Drone x5  
  146  8:30  Roach x3  
  134  8:56  Drone  
  134  8:57  Drone  
  136  9:04  Hatchery  
  136  9:05  Ultralisk x2, Zergling x8  
  136  9:06  Chitinous Plating  
  136  9:07  Overlord x2  
  136  9:08  Zerg Melee Weapons Level 2  
  151  9:13  Overlord  
  151  9:17  Overlord x2  
  151  9:20  Hatchery  
  151  9:24  Zergling x6  
  149  9:36  Ultralisk  
  149  9:37  Ultralisk, Zergling x10  
  159  9:45  Ultralisk  
  164  9:46  Zergling x4  
  157  10:04  Ultralisk, Zergling x2  
  157  10:05  Zergling x12  
  124  10:15  Ultralisk, Zergling x2  
  124  10:16  Zergling x2  
  124  10:18  Zergling x6  
  135  10:26  Zergling x10  
  122  10:36  Ultralisk, Zergling x4  
  127  10:47  Ultralisk, Zergling x4  
  127  10:49  Zergling x2  
  127  10:50  Zergling x2  
  127  10:51  Zergling x2  
  129  11:00  Zergling x10  
  132  11:12  Zergling x4  
Show
View Real Time Build Order
Export as new Build Order

iaguz Terran - Winner!

Build Orders: Bio Tank 

Get SALT Encoding   

  12  0:00  SCV  
  13  0:12  SCV  
  14  0:17  Supply Depot  
  14  0:25  SCV  
  15  0:39  SCV  
  15  0:41  Barracks  
  16  0:51  SCV  
  17  1:03  SCV  
  18  1:15  SCV  
  19  1:20  Command Center  
  19  1:28  Orbital Command  
  19  1:31  Marine  
  20  1:37  Refinery  
  20  1:43  Supply Depot  
  20  1:49  Marine  
  21  1:54  SCV  
  21  1:56  Refinery  
  22  2:08  SCV, Marine  
  24  2:20  SCV  
  25  2:26  Marine  
  26  2:31  Factory  
  26  2:32  SCV  
  26  2:33  Orbital Command  
  27  2:44  SCV  
  27  2:47  Barracks Reactor  
  28  2:53  Bunker  
  28  2:56  SCV  
  29  2:59  SCV  
  30  3:09  SCV  
  30  3:11  SCV  
  32  3:15  Factory Tech Lab  
  32  3:17  Starport  
  32  3:21  SCV  
  32  3:23  SCV  
  35  3:34  Command Center, SCV  
  35  3:36  SCV  
  35  3:37  Siege Tank  
  35  3:39  Marine  
  40  3:43  Supply Depot  
  40  3:44  Marine  
  40  3:47  SCV  
  43  3:48  SCV  
  43  3:56  Fusion Core  
  43  4:01  SCV x2  
  45  4:03  Liberator  
  45  4:04  Marine x2  
  47  4:10  Refinery  
  47  4:14  Supply Depot  
  47  4:17  SCV x2  
  52  4:29  SCV x2  
  54  4:33  Factory Reactor, Barracks Tech Lab  
  54  4:34  Barracks  
  54  4:36  Barracks  
  54  4:41  SCV x2  
  56  4:48  Refinery  
  56  4:50  Orbital Command  
  56  4:52  Advanced Ballistics  
  56  4:53  SCV  
  56  4:54  Marine  
  56  4:56  SCV  
  59  5:01  Supply Depot  
  59  5:06  SCV, Stimpack  
  59  5:07  Liberator  
  60  5:08  SCV  
  60  5:10  Orbital Command  
  60  5:13  Marine  
  62  5:14  Engineering Bay  
  62  5:17  Engineering Bay  
  62  5:19  SCV  
  62  5:20  SCV  
  64  5:22  Marine x2  
  64  5:25  Factory Reactor  
  69  5:31  SCV  
  69  5:32  SCV  
  69  5:33  Marine x3  
  74  5:37  Supply Depot  
  74  5:38  SCV  
  74  5:39  Supply Depot  
  74  5:41  Terran Infantry Weapons Level 1  
  75  5:43  SCV  
  75  5:44  SCV  
  75  5:48  Terran Infantry Armor Level 1  
  77  5:51  SCV  
  77  5:53  Marine x3  
  77  5:54  Marine  
  77  5:55  SCV  
  77  5:56  SCV  
  84  6:01  Supply Depot  
  84  6:02  Supply Depot  
  84  6:03  SCV  
  85  6:07  Marine  
  85  6:10  SCV x2  
  88  6:15  SCV  
  88  6:17  Marine  
  88  6:18  Barracks, Marine x2  
  92  6:20  Barracks  
  92  6:22  SCV x2  
  92  6:24  Marine  
  92  6:25  Siege Tank  
  98  6:26  Medivac  
  98  6:27  SCV, Medivac  
  103  6:35  Marine  
  103  6:37  SCV x2  
  103  6:38  Supply Depot  
  103  6:39  SCV  
  107  6:40  Supply Depot  
  107  6:43  Refinery, Marine  
  107  6:44  Refinery, Marine  
  107  6:45  Marine  
  110  6:49  SCV x2  
  110  6:51  SCV  
  113  6:55  Marine  
  113  6:56  Marine  
  113  6:59  Factory  
  113  7:00  Siege Tank  
  118  7:04  Supply Depot  
  118  7:05  Supply Depot  
  118  7:06  Supply Depot  
  118  7:08  Barracks Reactor x2, Combat Shields, Marine x3  
  115  7:13  SCV x3  
  121  7:19  Marine x2  
  121  7:20  Medivac x2  
  127  7:25  Armory  
  127  7:26  Marine x2  
  129  7:30  Marine  
  129  7:37  Marauder, Marine  
  130  7:44  Marine  
  133  7:45  Marine  
  133  7:46  Siege Tank  
  133  7:48  Factory Tech Lab  
  133  7:50  Marine x3  
  141  7:56  Medivac x2, Marine  
  145  7:59  Supply Depot, Marauder  
  145  8:00  Supply Depot  
  145  8:02  Supply Depot  
  145  8:05  Marine x4  
  150  8:08  Marine  
  152  8:13  Siege Tank  
  152  8:14  Terran Infantry Weapons Level 2  
  152  8:15  Barracks  
  152  8:16  Terran Infantry Armor Level 2  
  152  8:18  Barracks  
  155  8:20  Marauder  
  157  8:29  Marine  
  157  8:30  Siege Tank, Marine x2  
  157  8:31  Marine x3  
  157  8:32  Medivac, Marine  
  163  8:51  Marine x2  
  163  8:52  Marauder, Siege Tank, Medivac, Marine x5  
  171  9:02  Command Center, Starport  
  171  9:09  Barracks Tech Lab x2  
  171  9:11  Marine  
  171  9:12  Marine  
  171  9:13  Marauder  
  175  9:23  Liberator  
  174  9:31  Marauder, Marine x5  
  176  9:34  Marine  
  176  9:36  Supply Depot, Marine  
  176  9:37  Supply Depot  
  176  9:38  Marine x2  
  180  9:40  Liberator  
  180  9:49  Marine  
  180  9:51  Marine  
  181  9:57  Marauder, Marine x4  
  181  9:58  Marine x2  
  181  9:59  Marauder x2, Siege Tank x2  
  197  10:01  Supply Depot  
  197  10:06  Marine  
  176  10:09  Marine  
  166  10:15  Starport Reactor, Marine x4  
  166  10:16  Marine x2  
  166  10:19  Marauder  
  166  10:21  Marauder x2  
  174  10:24  Marine  
  174  10:26  Marine  
  176  10:32  Command Center, Marine x3  
  176  10:33  Marine  
  176  10:34  Marine x2  
  174  10:40  Marauder  
  174  10:41  Marine  
  174  10:42  Marauder, Marine  
  166  10:44  Marine  
  166  10:48  Siege Tank x2  
  164  10:50  Marine x3  
  164  10:51  Marine x2  
  164  10:52  Marine  
  169  11:00  Marauder, Marine  
  169  11:02  Marauder, Marine  
  169  11:03  Marauder  
  182  11:08  Marine x3  
  182  11:09  Marine x2  
  182  11:10  Marine  
Tags
 
Add a new tag
Caveats
  • Supply blocks, unpowered buildings, or Contaminate may cause inaccurate times.
  • Supply counts are checked every 10 seconds.